 Dungeon Crawl Stone Soup version 0.29-a0-824-gd827844252 (webtiles) character file.

Game seed: 4672983778934424834

1024 Malachi the Grappler (level 8, -1/67 HPs)
             Began as a Troll Earth Elementalist on July 9, 2022.
             Slain by a phantom (6 damage)
             ... on level 5 of the Dungeon.
             The game lasted 00:05:29 (3277 turns).

Malachi the Grappler (Troll Earth Elementalist)     Turns: 3277, Time: 00:05:29

Health: -1/67      AC: -7    Str: 17    XL:     8   Next: 2%
Magic:  8/8        EV:  9    Int: 13    God:
Gold:   222        SH:  0    Dex: 10    Spells: 8/9 levels left

rFire   . . .      SeeInvis .     - Unarmed
rCold   + . .      Faith    .   (no shield)
rNeg    . . .      Spirit   .   D - +0 animal skin
rPois   .          Reflect  .   (helmet restricted)
rElec   .          Harm     .   h - +0 cloak
rCorr   .          Rampage  .   (gloves unavailable)
Will    .....                   (boots unavailable)
Stlth   +.........              (no amulet)
HPRegen 1.01/turn               i - ring of protection from cold
MPRegen 0.11/turn               k - ring of flight

@: corroded, flying, invisible
A: large, unfitting armour, claws 3, regeneration 1, shaggy fur 1, tough skin 1
a: no special abilities


You were on level 5 of the Dungeon.
You visited 1 branch of the dungeon, and saw 5 of its levels.

You collected 222 gold pieces.

Inventory:

Missiles
 y - 6 silver javelins
 A - 3 boomerangs
 B - 20 poisoned darts
Armour
 h - a +0 cloak (worn)
 D - a +0 animal skin (worn)
Jewellery
 i - a ring of protection from cold (left claw)
 k - a ring of flight (right claw)
 o - a ring of wizardry
 t - a ring of magical power
Wands
 s - a wand of charming (19)
Scrolls
 d - 3 scrolls of amnesia {unknown}
 e - 2 scrolls of immolation {unknown}
 f - 4 scrolls of teleportation {unknown}
 g - a scroll of fear {unknown}
 j - 2 scrolls of vulnerability {unknown}
 l - a scroll of enchant weapon {unknown}
 m - a scroll of blinking {unknown}
 q - 5 scrolls of identify {unknown}
 r - a scroll of acquirement {unknown}
 v - 3 scrolls of brand weapon {unknown}
 x - a scroll of fog {unknown}
Potions
 b - a potion of magic
 c - a potion of curing
 p - 4 potions of lignification {unknown}
 u - a potion of attraction {unknown}
 w - a potion of heal wounds {unknown}
 z - a potion of resistance {unknown}
 C - a potion of brilliance {unknown}


   Skills:
 - Level 1.5 Dodging
 - Level 1.0 Stealth
 * Level 9.3 Unarmed Combat
 - Level 1.2 Spellcasting
 - Level 0.6 Transmutations
 - Level 2.6 Earth Magic


You had 8 spell levels left.
You knew the following spells:

 Your Spells              Type           Power      Damage    Failure   Level
a - Sandblast             Erth           14%        2d6       9%          1

Your spell library contained the following spells:

 Spells                   Type           Power      Damage    Failure   Level
 Passwall                 Tmut/Erth      4%         N/A       22%         2
 Stone Arrow              Conj/Erth      8%         3d7       43%         3
 Petrify                  Tmut/Erth      5%         N/A       80%         4
 Malign Gateway           Summ/Tloc      0%         N/A       100%        7
 Summon Horrible Things   Summ           0%         N/A       100%        8


Dungeon Overview and Level Annotations

Branches:
Dungeon (5/15)
 Temple: D:4-7

Altars:
Ashenzari

Shops:
D:1 (   D:3 [


Innate Abilities, Weirdness & Mutations

You are too large for most types of armour.
You have claws for hands.
Your natural rate of healing is unusually fast.
You are covered in fur. (AC +1)
You have tough skin. (AC +1)


Message History

A jelly is nearby!
A jelly is nearby!
A jelly is nearby!
The jelly quivers.
A phantom comes into view.
The jelly hits you but does no damage.
You scratch the jelly. The acid corrodes you!
Your claws burn!
The jelly is moderately wounded.
The jelly hits you.
You are splashed with acid!
You scratch the jelly but do no damage.
Your claws burn!
The jelly is moderately wounded.
The jelly hits you. The acid corrodes you!
You are splashed with acid!
You scratch the jelly.
Your claws burn!
The jelly is severely wounded.
You barely miss the jelly.
The jelly is severely wounded.
The jelly hits you.
You are splashed with acid!
You scratch the jelly.
Your claws burn!
The jelly is severely wounded.
The jelly hits you.
You are splashed with acid!
You are too injured to fight recklessly!
You are too injured to fight recklessly!
You are too injured to fight recklessly!
The jelly attacks as you move away! The jelly hits you.
* * * LOW HITPOINT WARNING * * *
The acid corrodes you!
You are splashed with acid!
* * * LOW HITPOINT WARNING * * *
Unknown command.
The phantom attacks as you move away! The phantom hits you!
* * * LOW HITPOINT WARNING * * *
It was a potion of curing.
You feel better. The phantom barely misses you.
The jelly attacks as you move away! The jelly hits you.
* * * LOW HITPOINT WARNING * * *
The acid corrodes you!
You are splashed with acid!
* * * LOW HITPOINT WARNING * * *
There is a stone staircase leading down here.
It was a potion of invisibility.
You fade into invisibility!
The phantom hits you.
You die...

.......##..........#
.............##...(#
.##.....##.....##....
.......#.........#
#......#.........#
#......##......# ###
##..#..###......###...
#......# #........<...
##...@.# #..#.#.......
#..JW#########......#
#.......#####......##
##.................#
#..............##.#
#.................# ..
#..................#
...
#...###.......#......
.. #... ##......# .


You could see a phantom (unable to see you) and a jelly.

Vanquished Creatures
  Menkaure (D:5)
  An ice beast (D:5)
  A black bear (D:3)
  A phantom (D:3)
  A kobold brigand (D:4)
  A scorpion (D:4)
  A hound (D:4)
  Terence (D:2)
  Jessica (D:2)
  3 iguanas (D:4)
  3 orc wizards
  Robin (D:4)
  7 gnolls
  9 adders
  2 worms
  3 dart slugs
  13 orcs
  5 bats
  7 endoplasms
  5 giant cockroaches
  15 goblins
  12 hobgoblins
  12 kobolds
  3 quokkas
  6 ball pythons
  A frilled lizard (D:1)
  11 rats
127 creatures vanquished.

Vanquished Creatures (others)
  3 plants (D:3)
3 creatures vanquished.

Grand Total: 130 creatures vanquished

Notes
Turn   | Place    | Note
-------+----------+-------------------------------------------
     0 | D:1      | Malachi the Troll Earth Elementalist began the quest for
                  | the Orb.
     0 | D:1      | Reached XP level 1. HP: 16/16 MP: 1/1
    56 | D:1      | Reached skill level 1 in Unarmed Combat
    83 | D:1      | Reached XP level 2. HP: 16/24 MP: 2/2
   201 | D:1      | Reached skill level 2 in Unarmed Combat
   342 | D:1      | Found Baped's Antique Weapon Emporium.
   649 | D:2      | Reached XP level 3. HP: 31/31 MP: 3/3
   770 | D:2      | Noticed Terence
   777 | D:2      | Killed Terence
   778 | D:2      | Reached skill level 3 in Unarmed Combat
   845 | D:2      | Reached XP level 4. HP: 39/39 MP: 4/4
  1050 | D:2      | Noticed Jessica
  1066 | D:2      | Killed Jessica
  1067 | D:2      | Reached skill level 4 in Unarmed Combat
  1227 | D:3      | Found Imoloac's Antique Armour Shop.
  1437 | D:3      | Reached XP level 5. HP: 45/45 MP: 5/5
  1493 | D:3      | Reached skill level 5 in Unarmed Combat
  1770 | D:3      | Found a faded altar of an unknown god.
  2047 | D:4      | Noticed a black bear
  2049 | D:4      | Reached XP level 6. HP: 53/53 MP: 6/6
  2059 | D:3      | Reached skill level 6 in Unarmed Combat
  2260 | D:3      | Reached skill level 7 in Unarmed Combat
  2260 | D:3      | Reached XP level 7. HP: 11/59 MP: 7/7
  2631 | D:4      | Found a broken altar of Ashenzari.
  2635 | D:4      | Saw a vision of the Shoals and the Spider Nest.
  2635 | D:4      | Noticed a wolf spider
  2635 | D:4      | Noticed a merfolk
  2635 | D:4      | Noticed a wind drake
  2635 | D:4      | Noticed a sea snake
  2635 | D:4      | Noticed a hornet
  2635 | D:4      | Noticed a wind drake
  2635 | D:4      | Noticed a hornet
  2635 | D:4      | Noticed a merfolk siren
  2635 | D:4      | Noticed a merfolk
  2635 | D:4      | Noticed a sea snake
  2635 | D:4      | Noticed a wind drake
  2636 | D:4      | Noticed a redback
  2636 | D:4      | Noticed a wolf spider
  2830 | D:4      | Noticed Robin
  2859 | D:4      | Killed Robin
  2931 | D:4      | Reached skill level 8 in Unarmed Combat
  3039 | D:5      | Entered Level 5 of the Dungeon
  3039 | D:5      | Noticed Menkaure
  3050 | D:5      | Killed Menkaure
  3220 | D:4      | Reached skill level 9 in Unarmed Combat
  3229 | D:5      | Reached XP level 8. HP: 60/67 MP: 8/8
  3276 | D:5      | HP: 3/67 [acid (9)]
  3277 | D:5      | Slain by a phantom

Illustrated notes

Levels and vault maps discovered:
D:1:      elethiomel_arrival_diamonds, layout_basic, serial_shops,
          nicolae_shop_waterfront
D:2:      minmay_door_path, layout_rooms, uniq_terence, uniq_jessica
D:3:      corexii_shack_village, layout_rooms,
          hellmonk_ecumenical_altar_inner_sanctum, serial_shops,
          nicolae_shop_competitors_out_of_business
D:4:      layout_rooms, grunt_ashenzari_visionary
          [grunt_ashenzari_visionary_shoals, grunt_ashenzari_visionary_spider],
          uniq_robin
D:5:      layout_cave_pools, st_stairs_7, uniq_menkaure, uniq_grinder

Skill      XL: |  1  2  3  4  5  6  7 |
---------------+----------------------+-----
Unarmed Combat | 1 2 3 4 5 7 9 |  9.3
Dodging        | |  1.5
Stealth        | |  1.0
Spellcasting   | |  1.2
Transmutations | |  0.6
Earth Magic    | |  2.6

Action                   |  1- 3 |  4- 6 |  7- 9 || total
-------------------------+-------+-------+-------++-------
Melee: Unarmed           |    91 |   193 |   113 ||   397
       Punch             |     3 |     2 |     3 ||     8
 Cast: Sandblast         |       |     2 |       ||     2
  Use: Potion            |       |       |     2 ||     2
 Stab: Sleeping          |     6 |     3 |       ||     9
Armor: Robe              |    32 |    92 |    29 ||   153
       Animal skin       |       |       |    17 ||    17
Dodge: Dodged            |    48 |   103 |    57 ||   208

Table legend: (Time is in decaauts)
 A = Elapsed time spent in this place.
 B = Non-inter-level travel time spent in this place.
 C = Inter-level travel time spent in this place.
 D = Time resting spent in this place.
 E = Time spent auto-exploring this place.
 F = Levels seen in this place.
 G = Mean time per level.
                   A        B        C        D        E       F      G
               +--------+--------+--------+--------+--------+-----+--------+
         Total |   3254 |   2994 |    260 |    514 |   1630 |   5 |  650.8 |
       Dungeon |   3254 |   2994 |    260 |    514 |   1630 |   5 |  650.8 |
               +--------+--------+--------+--------+--------+-----+--------+

Top non-repeatable levels by time:
     D:3: 1128 daAuts
     D:4: 757 daAuts
     D:2: 708 daAuts
     D:1: 604 daAuts
     D:5: 55 daAuts
